 Dungeon Crawl Stone Soup version 0.25.0-41-g26779e291d (webtiles) character file.

Game seed: 4155930205425001402

1059 Ethylacetat the Stinger (level 8, -1/46 HPs)
             Began as an Octopode Venom Mage on July 10, 2020.
             Was a Believer of Sif Muna.
             Slain by a water moccasin zombie (7 damage)
             ... in an ossuary.
             The game lasted 00:16:18 (5750 turns).

Ethylacetat the Stinger (Octopode Venom Mage)       Turns: 5750, Time: 00:16:19

Health: -1/46      AC:  1    Str:  5 (7)  XL:     8   Next: 27%
Magic:  14/14      EV: 14    Int: 19 (20) God:    Sif Muna [**....]
Gold:   211        SH:  0    Dex: 18      Spells: 14/15 levels left

rFire    . . .     SeeInvis .   s - +2 falchion (freeze)
rCold    . . .     Gourm    .   (no shield)
rNeg     . . .     Faith    .   (helmet restricted)
rPois    .         Spirit   .   (no amulet)
rElec    .         Reflect  .   f - +6 ring of dexterity
rCorr    .         Harm     .   x - ring of wizardry
MR       .....                  (no ring)
Stlth    +++.......             (no ring)
HPRegen  0.15/turn              (no ring)
MPRegen  0.14/turn              (no ring)
                                (no ring)
                                (no ring)

@: mighty, stab, very slightly contaminated
A: almost no armour, stealthy swim, amphibious, 8 rings, constrict 8, camouflage
1, gelatinous body 1
a: Channel Magic, Renounce Religion


You were in an ossuary.
You worshipped Sif Muna.
Sif Muna was pleased with you.
You were very hungry.

You visited 1 branch of the dungeon, and saw 6 of its levels.
You also visited: Ossuary.

You collected 211 gold pieces.

Inventory:

Hand Weapons
 s - a +2 falchion of freezing (weapon)
Jewellery
 f - a +6 ring of dexterity (left tentacle)
 x - a ring of wizardry (right tentacle)
Wands
 m - a wand of enslavement (9)
 t - a wand of clouds (6)
Scrolls
 a - a scroll of enchant armour {unknown}
 c - 2 scrolls of teleportation {unknown}
 e - a scroll of remove curse {unknown}
 i - 2 scrolls of blinking {unknown}
 l - 4 scrolls of identify {unknown}
 p - a scroll of noise {unknown}
 q - a scroll of amnesia {unknown}
Potions
 h - a potion of curing
 o - a potion of flight
Comestibles
 b - 5 rations


   Skills:
 - Level 2.0 Dodging
 - Level 2.6 Stealth
 + Level 4.0 Spellcasting
 * Level 5.5 Transmutations
 * Level 7.6 Poison Magic
 + Level 3.2 Invocations


You had 14 spell levels left.
You knew the following spells:

 Your Spells              Type           Power        Failure   Level  Hunger
a - Sting                 Tmut/Pois      ####         1%          1    None

Your spell library contained the following spells:

 Spells                   Type           Power        Failure   Level  Hunger
 Poisonous Vapours        Pois/Air       ###...       1%          2    ##.....
 Ignite Poison            Fire/Tmut/Pois ###.....     2%          3    ###....
 Olgreb's Toxic Radiance  Pois           ####....     2%          4    ####...
 Magic Dart               Conj           #...         6%          1    None
 Mephitic Cloud           Conj/Pois/Air  ##......     6%          3    ###....
 Searing Ray              Conj           #.....       9%          2    ##.....
 Dazzling Flash           Conj/Hex       #.....       16%         3    ###....
 Fulminant Prism          Conj/Hex       #.........   45%         4    ####...
 Iskenderun's Mystic Bla  Conj/Tloc      #.......     45%         4    ####...


Dungeon Overview and Level Annotations

Branches:
Dungeon (6/15)             Temple (0/1) D:6         Ossuary (1/1)

Altars:
Ashenzari
Sif Muna
Xom


Innate Abilities, Weirdness & Mutations

You cannot wear most types of armour.
You are very stealthy in the water. (Stealth+)
You are amphibious.
You can wear up to eight rings at the same time.
You can use your tentacles to constrict eight enemies at once.
Your skin changes colour to match your surroundings (Stealth+).
Your rubbery body absorbs attacks. (AC +1, EV +1)


Message History

You completely miss the water moccasin zombie.
The water moccasin zombie is moderately damaged.
A poisoned dart hits the hobgoblin zombie, but does no damage!
The water moccasin zombie bites you.
* * * LOW HITPOINT WARNING * * *
You feel better.
You constrict the water moccasin zombie.
The water moccasin zombie barely misses you.
You riposte.
You hit the water moccasin zombie.
The water moccasin zombie is heavily damaged.
A poisoned dart hits the hobgoblin zombie, but does no damage!
You feel very mighty all of a sudden.
You constrict the water moccasin zombie.
The water moccasin zombie bites you!
* * * LOW HITPOINT WARNING * * *
You slash the water moccasin zombie!
The water moccasin zombie is severely damaged.
You constrict the water moccasin zombie.
The water moccasin zombie bites you!
You die...

###################
#∩^^#...#....#...#^
#^^^#...'^^^.#...'^
#..^'...#^^^.'...#.
###'##############'
#...# #. #...# #.
#...# #. #.@.# #.
#Z### ## #Z^^# #.
#^.^# #^ #^.^# #^
#^^^# #^ ##'## ##


.ZZ #^ #ZZZ# ### #####. You could see a water moccasin zombie and a hobgoblin
zombie.

Vanquished Creatures
  2 ogres
  A bullfrog (D:6)
  6 water moccasin zombies (Ossuary)
  A scorpion (D:4)
  An orc priest (D:3)
  A bullfrog skeleton (D:4)
  3 hounds
  Natasha (thrice) (D:2)
  3 big kobold zombies (Ossuary)
  5 adders
  A shadow imp (D:6)
  4 adder zombies (Ossuary)
  2 worms
  2 dart slugs
  4 leopard geckos
  12 orcs
  7 bats
  2 giant cockroaches (D:1)
  3 gnoll zombies (Ossuary)
  5 goblins
  9 hobgoblins
  6 jackals
  8 kobolds
  A quokka (D:2)
  A ball python (D:1)
  3 frilled lizards
  2 hobgoblin zombies (Ossuary)
  6 kobold zombies (Ossuary)
  A leopard gecko skeleton (D:4)
  2 orc zombies (Ossuary)
  5 rats
  A bush (D:1)
113 creatures vanquished.

Notes
Turn   | Place    | Note
-------+----------+-------------------------------------------
     0 | D:1      | Ethylacetat the Octopode Venom Mage began the quest for the
                  | Orb.
     0 | D:1      | Reached XP level 1. HP: 11/11 MP: 3/3
   266 | D:1      | Reached XP level 2. HP: 17/17 MP: 3/5
   648 | D:1      | Reached skill level 4 in Poison Magic
  1411 | D:2      | Reached XP level 3. HP: 19/21 MP: 0/6
  1488 | D:2      | Found a shimmering blue altar of Sif Muna.
  1519 | D:2      | Became a worshipper of Sif Muna the Loreminder
  1925 | D:2      | Noticed Natasha
  1933 | D:2      | Killed Natasha
  1933 | D:2      | Reached XP level 4. HP: 10/27 MP: 0/7
  2192 | D:2      | Noticed Natasha
  2205 | D:2      | Killed Natasha
  2362 | D:2      | Noticed Natasha
  2367 | D:2      | Killed Natasha
  2367 | D:2      | Reached skill level 5 in Poison Magic
  2367 | D:2      | Reached XP level 5. HP: 15/31 MP: 0/9
  3514 | D:3      | Found a shattered altar of Ashenzari.
  3530 | D:3      | Reached * piety under Sif Muna
  4121 | D:3      | Reached XP level 6. HP: 33/36 MP: 7/10
  4316 | D:4      | Reached skill level 1 in Invocations
  4385 | D:4      | Found a shimmering altar of Xom.
  4386 | D:4      | Found a shimmering altar of Xom.
  4386 | D:4      | Found a shimmering altar of Xom.
  4386 | D:4      | Found a shimmering altar of Xom.
  4386 | D:4      | Found a shimmering altar of Xom.
  4467 | D:4      | Reached skill level 6 in Poison Magic
  4860 | D:4      | You fall into a shaft and drop 2 floors!
  4874 | D:6      | Found a staircase to the Ecumenical Temple.
  4904 | D:5      | Entered Level 5 of the Dungeon
  5060 | D:6      | Reached XP level 7. HP: 18/41 MP: 6/12
  5218 | D:6      | Found a sand-covered staircase.
  5227 | Ossuary  | Entered an ossuary
  5480 | Ossuary  | Reached skill level 5 in Transmutations
  5480 | Ossuary  | Reached skill level 7 in Poison Magic
  5520 | Ossuary  | Reached ** piety under Sif Muna
  5534 | Ossuary  | Reached XP level 8. HP: 10/46 MP: 10/13
  5541 | Ossuary  | HP: 2/46 [big kobold zombie (2)]
  5750 | Ossuary  | Slain by a water moccasin zombie

Illustrated notes

Levels and vault maps discovered:
D:1:      nzn_arrival_depleted_hourglass, layout_basic, minmay_hedge_maze,
          roderic_nine_men_s_morris
D:2:      layout_loops_ring, led_sif_pool, chequers_serial_rivers_micro_d,
          palyth_stone_intersect, uniq_natasha
D:3:      minmay_general_purpose_star, layout_basic, ashenzari_altar_1
D:4:      cheibrodos_quashed, layout_loops_corners, xom_redecorated,
          first_ration
D:5:      layout_gridville, ebering_ghost_reflecting_pool, lemuel_altar_in_water
D:6:      layout_loops_ring, minmay_temple_entry_grid,
          lightli_ossuary_entry_decrepit_ruins, corexii_leaking_fountain
Ossuary:  ossuary_tomb_2

Skill      XL: |  1  2  3  4  5  6  7  8 |
---------------+-------------------------+-----
Poison Magic   | 4 5 6 7 |  7.6
Transmutations | 2 3 4 5 |  5.5
Spellcasting   | 3 4 |  4.0
Invocations    | 2 3 |  3.2
Dodging        | |  2.0
Stealth        | |  2.6

Action                   |  1- 3 |  4- 6 |  7- 9 || total
-------------------------+-------+-------+-------++-------
Melee: Unarmed           |    88 |    36 |       ||   124
       Tentacles         |    22 |    10 |    18 ||    50
       Constrict         |     8 |    22 |    27 ||    57
       Falchion          |       |    15 |    87 ||   102
 Cast: Sting             |    62 |   107 |    11 ||   180
Evoke: Wand              |       |       |     2 ||     2
  Use: Potion            |       |       |    15 ||    15
 Stab: Sleeping          |       |       |    11 ||    11
       Invisible         |       |       |     2 ||     2
  Eat: Chunk             |     4 |     9 |     2 ||    15
Armor: Skin              |     4 |     3 |     3 ||    10
Dodge: Dodged            |    38 |    68 |    59 ||   165
       Rpst.: Falchion   |       |     4 |    28 ||    32
